 Dungeon Crawl Stone Soup version 0.20.2-3-g29329e0561 (webtiles) character file.

95 Alfie the Shield-Bearer (level 4, 0/40 HPs)
             Began as a Minotaur Fighter on Dec 15, 2020.
             Slain by Crazy Yiuf
             ... wielding a +3 quarterstaff of chaos
              (9 damage)
             ... on level 3 of the Dungeon.
             The game lasted 00:04:50 (1460 turns).

Alfie the Shield-Bearer (Minotaur Fighter)          Turns: 1460, Time: 00:04:50

Health: 0/40       AC:  7    Str: 22    XL:     4   Next: 39%
Magic:  3/3        EV:  2    Int:  5    God:
Gold:   95         SH:  0    Dex:  9    Spells: 3/3 levels left

rFire    . . .     SeeInvis .   a - +0 long sword
rCold    . . .     Gourm    .   c - +0 shield
rNeg     + + +     Faith    .   b - +0 scale mail
rPois    ∞         Spirit   .   (helmet restricted)
rElec    .         Reflect  .   (no cloak)
rCorr    .         Harm     .   (no gloves)
MR       .....                  (no boots)
Stlth    ..........             (no amulet)
Regen    0.2/turn               k - ring of poison resistance
MPRegen  0.1/turn               (no ring)

@: petrified
A: retaliatory headbutt, horns 2
a: no special abilities


You were on level 3 of the Dungeon.
You were not hungry.

You visited 1 branch of the dungeon, and saw 3 of its levels.

You collected 95 gold pieces.

Inventory:

Hand Weapons
 a - a +0 long sword (weapon)
Missiles
 i - 3 tomahawks (quivered)
Armour
 b - a +0 scale mail (worn)
 c - a +0 shield (worn)
Jewellery
 k - a ring of poison resistance (left hand)
Scrolls
 e - a scroll of identify
 f - a scroll of enchant armour {unknown}
 l - 2 scrolls of remove curse {unknown}
 m - 2 scrolls of enchant weapon {unknown}
 n - a scroll of teleportation {unknown}
 o - a scroll of blinking {unknown}
 p - a scroll of fear {unknown}
Potions
 d - 2 potions of might
 g - 3 potions of heal wounds {unknown}
 h - a potion of curing {unknown}
 q - a potion of degeneration {unknown}
 r - a potion of ambrosia {unknown}
Comestibles
 j - 2 royal jellies


   Skills:
 + Level 3.9 Fighting
 + Level 3.7 Long Blades
 + Level 4.3 Armour
 + Level 0.2 Dodging
 + Level 4.8 Shields


You had 3 spell levels left.
You didn't know any spells.

Dungeon Overview and Level Annotations

Branches:
Dungeon (3/15)

Altars:
The Shining One

Annotations:
D:3 Crazy Yiuf


Innate Abilities, Weirdness & Mutations

You reflexively headbutt those who attack you in melee.
You have a pair of horns on your head.


Message History

You closely miss Crazy Yiuf.
Crazy Yiuf is severely wounded.
Crazy Yiuf cries, "You leg down broken song, no?"
Crazy Yiuf hits you with a quarterstaff of chaos.
You are slowing down.
You completely miss Crazy Yiuf.
Crazy Yiuf is severely wounded.
Crazy Yiuf hits you with a quarterstaff of chaos.
Crazy Yiuf burns you.
Crazy Yiuf hits you with a quarterstaff of chaos.
Crazy Yiuf freezes you.
You have turned to stone.
Crazy Yiuf hits you but does no damage.
Crazy Yiuf hits you with a quarterstaff of chaos.
Crazy Yiuf burns you.
Crazy Yiuf hits you with a quarterstaff of chaos!
Space bends around you.
Crazy Yiuf hits you with a quarterstaff of chaos!
* * * LOW HITPOINT WARNING * * *
You are electrocuted!
You die...

.................
...........####
#......##.#######
######.#......#
#########.#
#.#....#.# #.#
####...#.# ...
#.....# #.# #......
... ##### ♣♣##..####
#. #)..#♣♣
♣♣P#.......
#.g@'.♣♣♣♣P.....####
#...#♣..♣..P...##
#####♣♣♣.♣.P#.##
♣♣♣♣♣### ### #.#
#.#### #....#


You could see Crazy Yiuf.

Vanquished Creatures
  5 adders
  An ooze (D:1)
  A worm (D:2)
  A leopard gecko (D:1)
  3 hobgoblins
  6 jackals
  A quokka (D:2)
  A ball python (D:1)
  6 bats
  4 frilled lizards (D:1)
  6 goblins
  6 kobolds
  2 rats
43 creatures vanquished.

Notes
Turn   | Place    | Note
-------+----------+-------------------------------------------
     0 | D:1      | Alfie the Minotaur Fighter began the quest for the Orb.
     0 | D:1      | Reached XP level 1. HP: 19/19 MP: 0/0
   290 | D:1      | Reached XP level 2. HP: 22/27 MP: 1/1
   856 | D:2      | Found a glowing golden altar of the Shining One.
   935 | D:2      | Reached XP level 3. HP: 33/33 MP: 2/2
  1266 | D:3      | Reached XP level 4. HP: 28/40 MP: 3/3
  1445 | D:3      | Found a runed door.
  1449 | D:3      | Noticed Crazy Yiuf
  1460 | D:3      | Slain by Crazy Yiuf

Skill      XL: |  1  2  3 |
---------------+----------+-----
Shields        | 4 |  4.8
Armour         | 4 |  4.3
Long Blades    | 3 |  3.7
Fighting       | |  3.9
Dodging        | |  0.2

Action                   |  1- 3 |  4- 6 || total
-------------------------+-------+-------++-------
Melee: Long sword        |    96 |    14 ||   110
       Headbutt          |    20 |     2 ||    22
  Use: Scroll            |       |     1 ||     1
  Eat: Bread ration      |     1 |       ||     1
Armor: Scale mail        |    61 |     1 ||    62
Dodge: Dodged            |    28 |     7 ||    35
Block: Shield            |    74 |     4 ||    78
       Rpst.: Long sword |     3 |     4 ||     7
